 Dungeon Crawl Stone Soup version 0.28-a0-1312-g71652a0310 (webtiles) character file.

Game seed: 6067001046140290512

366 blank1 the Covered (level 6, -5/38 HPs)
             Began as a Gargoyle Fighter on Dec 27, 2021.
             Killed from afar by Dowan (11 damage)
             ... with a shard of ice
             ... on level 4 of the Dungeon.
             The game lasted 00:05:50 (3770 turns).

blank1 the Covered (Gargoyle Fighter)               Turns: 3770, Time: 00:05:51

Health: -5/38      AC: 19    Str: 22    XL:     6   Next: 68%
Magic:  6/6        EV:  8    Int:  8    God:
Gold:   163        SH:  4    Dex:  9    Spells: 5/5 levels left

rFire   . . .      SeeInvis .   a - +0 flail
rCold   . . .      Faith    .   c - +0 buckler
rNeg    + . .      Spirit   .   k - +0 chain mail
rPois   ∞          Reflect  .   n - +0 helmet
rElec   +          Harm     .   (no cloak)
rCorr   .          Rampage  .   (no gloves)
Will    .....                   (no boots)
Stlth   ..........              l - amulet of magic regeneration
HPRegen 0.12/turn               b - +4 ring of protection
MPRegen 0.50/turn               (no ring)

@: no status effects
A: sickness immunity, AC +4, negative energy resistance 1, electricity
resistance, torment resistance 1, petrification resistance
a: no special abilities


You were on level 4 of the Dungeon.
You visited 1 branch of the dungeon, and saw 4 of its levels.

You collected 163 gold pieces.

Inventory:

Hand Weapons
 a - a +0 flail (weapon)
 m - the +5 dagger of Pride {vorpal, *Noise rCorr Dex+6}
   (You found it on level 4 of the Dungeon)

   It inflicts extra damage upon your enemies.
   Dex:       It affects your dexterity (+6).
   *Noise:    It may make noises in combat.
   rCorr:     It protects you from acid and corrosion.
Missiles
 j - 5 javelins (quivered)
 q - 5 silver boomerangs
Armour
 c - a +0 buckler (worn)
 k - a +0 chain mail (worn)
 n - a +0 helmet (worn)
Jewellery
 b - a +4 ring of protection (left hand)
 l - an amulet of magic regeneration (around neck)
Wands
 i - a wand of paralysis (6)
Scrolls
 e - a scroll of noise {unknown}
 f - a scroll of amnesia {unknown}
 h - a scroll of fog
 o - a scroll of identify {unknown}
 p - a scroll of teleportation {unknown}
Potions
 d - a potion of might
 g - a potion of curing {unknown}


   Skills:
 - Level 4.0 Fighting
 - Level 4.0 Maces & Flails
 + Level 5.4 Armour
 - Level 2.0 Dodging
 - Level 4.0 Shields


You had 5 spell levels left.
You didn't know any spells.
Your spell library contained the following spells:

 Spells                   Type           Power      Damage    Failure   Level
 Foxfire                  Conj/Fire      0%         2x1d4     98%         1
 Gell's Gravitas          Tloc           0%         N/A       100%        3
 Lesser Beckoning         Tloc           0%         N/A       100%        3
 Teleport Other           Tloc           0%         N/A       100%        3
 Borgnjor's Revivificati  Necr           0%         N/A       100%        8
 Necromutation            Tmut/Necr      0%         N/A       100%        8
 Death's Door             Necr           0%         N/A       100%        9


Dungeon Overview and Level Annotations

Branches:
Dungeon (4/15)
 Temple: D:4-7

Altars:
Nemelex Xobeh

Annotations:
D:4 Dowan


Innate Abilities, Weirdness & Mutations

You are immune to sickness and miasma.
Your stone body is resilient. (AC +4)
You are immune to poison.
You resist negative energy. (rN+)
You are resistant to electric shocks. (rElec)
You are resistant to unholy torment.
You are immune to petrification.


Message History

The stone arrow hits you but does no damage.
You block Dowan's attack.
You sock Dowan!
Dowan is heavily wounded.
Dowan hits you with a +0 dagger. Dowan barely misses you.
You closely miss Dowan.
Dowan is heavily wounded.
You block Dowan's attack. Dowan closely misses you.
You hit Dowan.
Dowan is heavily wounded.
Dowan zaps a wand.
The puff of flame hits you! Dowan hits you but does no damage.
You hit Dowan.
Dowan is severely wounded.
Dowan hits you with a +0 dagger.
You closely miss Dowan.
Dowan is severely wounded.
Dowan gestures wildly while chanting.
Dowan blinks!
You are too injured to fight recklessly!
Dowan casts a spell at you. The stone arrow misses you.
Dowan points at you and mumbles some strange words.
The stone arrow hits you!
Items here: ( )) [.
Dowan casts a spell.
Dowan blinks!
Dowan closely misses you.
Dowan casts a spell.
Dowan blinks!
Dowan casts a spell.
Dowan blinks!
Dowan points at you and mumbles some strange words.
You block the stone arrow.
Dowan zaps a wand.
The puff of flame hits you.
* * * LOW HITPOINT WARNING * * *
Dowan zaps a wand.
The puff of flame hits you but does no damage.
Dowan gestures at you while chanting. The shard of ice hits you!
You die...

##### #...
######.#####.#
#....e@......#
#.####.#######
# #.# #.#
...#### #.#
#.# .......
#.# #.#
.#.#### #.#
#.# #.###
#####.# #..
#.... #...#.#
### #.###
#.....# ##


You could see Dowan (fast).

Vanquished Creatures
  Duvessa (D:4)
  A scorpion (D:4)
  A centaur skeleton (D:4)
  Robin (D:3)
  4 gnolls
  5 adders
  A white imp (D:4)
  An adder skeleton (D:4)
  2 worms
  4 orcs
  6 endoplasms
  3 giant cockroaches
  12 goblins
  7 hobgoblins
  2 kobolds
  2 quokkas
  6 ball pythons
  6 bats
  8 frilled lizards (D:1)
  5 rats
78 creatures vanquished.

Notes
Turn   | Place    | Note
-------+----------+-------------------------------------------
     0 | D:1      | blank1 the Gargoyle Fighter began the quest for the Orb.
     0 | D:1      | Reached XP level 1. HP: 14/14 MP: 1/1
   351 | D:1      | Reached XP level 2. HP: 18/19 MP: 2/2
   655 | D:1      | Found a faded altar of an unknown god.
   663 | D:1      | Got Plato's Papyrus of the Volcanoes
  1262 | D:2      | Reached XP level 3. HP: 22/23 MP: 3/3
  1508 | D:2      | Reached skill level 1 in Dodging
  1559 | D:2      | Reached XP level 4. HP: 14/29 MP: 4/4
  2767 | D:3      | Reached skill level 4 in Armour
  2804 | D:3      | Reached XP level 5. HP: 31/33 MP: 5/5
  3177 | D:4      | Identified the +5 dagger of Pride {vorpal, *Noise rCorr
                  | Dex+6}
  3198 | D:4      | Noticed Robin
  3263 | D:3      | Killed Robin
  3378 | D:4      | Found a sparkling altar of Nemelex Xobeh.
  3603 | D:4      | Reached XP level 6. HP: 37/38 MP: 6/6
  3743 | D:4      | Noticed Duvessa
  3743 | D:4      | Noticed Dowan
  3757 | D:4      | Killed Duvessa
  3758 | D:4      | Reached skill level 5 in Armour
  3770 | D:4      | Killed from afar by Dowan

Illustrated notes

Levels and vault maps discovered:
D:1:      sevenhm_arrival_forest_fort_small_3, layout_loops_corners,
          shapermc_ecumenical_altar_rom_forum
D:2:      layout_basic
D:3:      layout_basic
D:4:      layout_loops_ring, nemelex_xobeh_ov_fountains_minmay, uniq_duvessa,
          uniq_robin

Skill      XL: |  1  2  3  4  5  6 |
---------------+-------------------+-----
Dodging        | 1 2 |  2.0
Shields        | 4 |  4.0
Armour         | 4 5 |  5.4
Fighting       | 4 |  4.0
Maces & Flails | 3 4 |  4.0

Action                   |  1- 3 |  4- 6 || total
-------------------------+-------+-------++-------
Melee: Flail             |   116 |   179 ||   295
Throw: Javelin           |       |     2 ||     2
Evoke: Wand              |       |     2 ||     2
  Use: Scroll            |       |     1 ||     1
 Stab: Paralysed         |       |     8 ||     8
Armor: Scale mail        |    70 |    17 ||    87
       Chain mail        |       |   102 ||   102
Dodge: Dodged            |    77 |    79 ||   156
Block: Buckler           |    31 |    42 ||    73

Table legend: (Time is in decaauts)
 A = Elapsed time spent in this place.
 B = Non-inter-level travel time spent in this place.
 C = Inter-level travel time spent in this place.
 D = Time resting spent in this place.
 E = Time spent auto-exploring this place.
 F = Levels seen in this place.
 G = Mean time per level.
                   A        B        C        D        E       F      G
               +--------+--------+--------+--------+--------+-----+--------+
         Total |   3856 |   3671 |    185 |    276 |   2551 |   4 |  964.0 |
       Dungeon |   3856 |   3671 |    185 |    276 |   2551 |   4 |  964.0 |
               +--------+--------+--------+--------+--------+-----+--------+

Top non-repeatable levels by time:
     D:2: 1355 daAuts
     D:1: 1292 daAuts
     D:3: 688 daAuts
     D:4: 520 daAuts
